 Dungeon Crawl Stone Soup version 0.31-a0-920-g28cbb04a8c (webtiles) character file.

Game seed: 6124412529735923969

642 Dirtsage the Ruffian (level 7, -3/46 HPs)
             Began as an Octopode Shapeshifter on Oct 17, 2023.
             Slain by a gnoll
             ... wielding a +0 spear
             ... led by a gnoll bouda
              (11 damage)
             ... on level 4 of the Dungeon.
             The game lasted 00:08:41 (3442 turns).

Dirtsage the Ruffian (Octopode Shapeshifter)        Turns: 3442, Time: 00:08:41

Health: -3/46      AC:  1    Str: 21    XL:     7   Next: 51%
Magic:  7/7        EV:  7    Int: 12    God:
Gold:   749        SH:  0    Dex: 12    Spells: 6/6 levels left

rFire   . .          .
                       - Unarmed
rCold   . . .        (no shield)
rNeg    . . .        (helmet currently unavailable)
rPois   .            i - amulet of the acrobat
rElec   .            p - ring of willpower
rCorr   .            s - +6 ring of strength
SInv    .            (no ring)
Will    +....        (no ring)
Stlth   ++           (no ring)
HPRegen 0.27/turn    (no ring)
MPRegen 0.10/turn    (no ring)
                     (no ring)

%: acrobat
@: beast-form, held
A: beast (slay +3), almost no armour, amphibious, 8 rings, camouflage 1,
gelatinous body 1, (nimble swimmer 1), tentacles
a: Begin Untransformation


You were on level 4 of the Dungeon.
You were a hulking beast.
You visited 1 branch of the dungeon, and saw 4 of its levels.

You collected 1071 gold pieces.
You spent 322 gold pieces at shops.

Inventory:

Jewellery
 i - an amulet of the acrobat (around mantle)
 p - a ring of willpower (left tentacle)
 s - a +6 ring of strength (right tentacle)
Talismans
 b - a beast talisman (active)
 c - a flux talisman
Wands
 o - a wand of paralysis (12)
 D - a wand of digging (5)
Scrolls
 d - 4 scrolls of enchant armour
 e - 2 scrolls of amnesia
 h - a scroll of revelation
 j - 2 scrolls of vulnerability
 n - a scroll of poison
 r - a scroll of butterflies
 t - 4 scrolls of teleportation
 u - a scroll of fog
Potions
 f - 2 potions of enlightenment {unknown}
 k - 3 potions of heal wounds {unknown}
 l - a potion of brilliance {unknown}
 m - a potion of might {unknown}


   Skills:
 + Level 3.6 Fighting
 - Level 2.0 Dodging
 * Level 5.8 Unarmed Combat
 * Level 5.4 Shapeshifting


You had 6 spell levels left.
You didn't know any spells.
Your spell library contained the following spells:

 Spells                   Type           Power      Damage    Failure   Level
 Ensorcelled Hibernation  Hex/Ice        0%         N/A       45%         2
 Passwall                 Tmut/Erth      0%         N/A       45%         2
 Swiftness                Air            0%         N/A       69%         3
 Animate Dead             Necr           0%         N/A       97%         4
 Borgnjor's Vile Clutch   Necr/Erth      0%         N/A       100%        5
 Death Channel            Necr           0%         N/A       100%        6


Dungeon Overview and Level Annotations

Branches:
Dungeon (4/15)
 Temple: D:4-7

Altars:
Elyvilon
Hepliaklqana
Qazlal

Shops:
D:2 ?


Innate Abilities, Weirdness & Mutations

You are a hulking beast.
Your limbs bulge with bestial killing power. (Slay +3)
You cannot wear most types of armour.
You are amphibious.
You can wear up to eight rings at the same time.
Your skin changes colour to match your surroundings (Stealth+).
Your rubbery body absorbs attacks. (AC +1, EV +1)
((You are camouflaged when in or above water. (Stealth+)))
You have tentacles for arms and can constrict up to eight enemies at once.


Message History

You feel very sick. The gnoll closely misses you.
You take 3 damage, and have 34/46 hp.
You bludgeon the gnoll!
You kill the gnoll!
You feel sick.
You take 2 damage, and have 32/46 hp.
You swing at nothing.
You feel sick.
You take 1 damage, and have 31/46 hp.
You swing at nothing.
You feel sick.
You take 2 damage, and have 29/46 hp.
You tentacle-slap the gnoll bouda but do no damage.
You grab the gnoll bouda. You constrict the gnoll bouda.
You feel sick.
The gnoll bouda hits you with a +0 club!
You take 12 damage, and have 17/46 hp.
MASSIVE DAMAGE!!
You bludgeon the gnoll bouda!
The gnoll bouda is severely wounded.
You constrict the gnoll bouda.
You feel sick.
The gnoll bouda mumbles some strange prayers to its god.
The gnoll bouda is healed somewhat.
You take 1 damage, and have 16/46 hp.
You bludgeon the gnoll bouda!
You kill the gnoll bouda!
You feel sick.
You tentacle-slap the gnoll. Your grab misses the gnoll.
Your tentacle-slap misses the gnoll.
The gnoll is lightly wounded.
You feel sick. The gnoll barely misses you.
The gnoll hits you from afar with a +0 spear.
* * * LOW HITPOINT WARNING * * *
You take 6 damage, and have 10/46 hp.
You tentacle-slap the gnoll. Your grab misses the gnoll. You squeeze the gnoll.
You kill the gnoll!
You feel sick.
The gnoll throws a throwing net.
The throwing net hits you.
You become entangled in the net!
You take 1 damage, and have 9/46 hp.
You struggle against the net.
You feel sick.
You are no longer poisoned.
The gnoll hits you from afar with a +0 spear!
You die...

##############
#............#
#.##########h# #
#.# #)# ### #.#
########g## #E# #.#
#...g.....# #####.#
#...!.....# ...##.#
#(........#
...##.##########+##
.............
#####.#######


You could see a gnoll (swift).

Vanquished Creatures
  An ice beast (D:3)
  A gnoll sergeant (D:3)
  A scorpion (D:4)
  A hound (D:3)
  2 gnoll boudas (D:4)
  A jelly (D:4)
  An iguana (D:2)
  2 orc wizards (D:4)
  6 adders
  10 gnolls
  A worm (D:3)
  4 dart slugs
  3 orcs
  6 endoplasms
  6 giant cockroaches
  2 hobgoblins
  3 jackals (D:3)
  10 kobolds
  2 quokkas
  8 ball pythons
  6 bats
  13 frilled lizards
  6 goblins
  7 rats
103 creatures vanquished.

Notes
Turn   | Place    | Note
-------+----------+-------------------------------------------
     0 | D:1      | Dirtsage the Octopode Shapeshifter began the quest for the
                  | Orb.
     0 | D:1      | Reached XP level 1. HP: 13/13 MP: 1/1
    66 | D:1      | Reached XP level 2. HP: 8/18 MP: 2/2
   324 | D:1      | Reached XP level 3. HP: 17/23 MP: 3/3
   693 | D:2      | Found Ymuhad's Magic Scroll Shoppe.
   694 | D:2      | Found a hazy altar of Hepliaklqana.
   700 | D:2      | Bought a scroll of identify for 28 gold pieces
   700 | D:2      | Bought a scroll of identify for 28 gold pieces
   762 | D:2      | Reached XP level 4. HP: 14/29 MP: 4/4
   994 | D:2      | Found a faded altar of an unknown god.
  1120 | D:2      | Reached XP level 5. HP: 30/34 MP: 5/5
  1506 | D:2      | Bought a scroll of identify for 28 gold pieces
  1506 | D:2      | Bought a scroll of identify for 28 gold pieces
  1743 | D:3      | Identified a scroll of acquirement
  1762 | D:3      | Acquired 863 gold pieces
  1835 | D:2      | Bought a scroll of fog for 56 gold pieces
  1835 | D:2      | Bought a scroll of amnesia for 56 gold pieces
  1835 | D:2      | Bought a scroll of butterflies for 56 gold pieces
  1835 | D:2      | Bought a scroll of teleportation for 42 gold pieces
  1976 | D:3      | Found a white marble altar of Elyvilon.
  2066 | D:3      | Found the +5 woodcutter's axe
  2093 | D:3      | Reached XP level 6. HP: 10/41 MP: 6/6
  2312 | D:3      | Noticed an ice beast
  2324 | D:3      | Killed an ice beast
  2325 | D:3      | Reached skill level 5 in Unarmed Combat
  3022 | D:4      | Reached skill level 5 in Shapeshifting
  3022 | D:4      | Reached XP level 7. HP: 36/46 MP: 7/7
  3054 | D:4      | HP: 2/46 [orc wizard/+0 dagger (2)]
  3379 | D:4      | Found a hazy altar of Hepliaklqana.
  3384 | D:4      | Found a stormy altar of Qazlal.
  3385 | D:4      | Noticed an air elemental
  3386 | D:4      | Noticed a fire elemental
  3386 | D:4      | Noticed a water elemental
  3442 | D:4      | Slain by a gnoll

Illustrated notes

Levels and vault maps discovered:
D:1:      psy_arrival_spokes, layout_basic, serial_forest,
          infiniplex_forest_clump_curved, infiniplex_forest_straight_2,
          infiniplex_forest_lined_2, infiniplex_forest_clump_long,
          solitary_fountain, minivault_19
D:2:      minmay_spotlight, layout_rooms,
          dreamdust_ecumenical_altar_angels_and_demons, basic_altar,
          serial_shops, shop, kennysheep_minor_cross, minmay_lizard_king
D:3:      layout_basic, nicolae_overflow_hidden_temple,
          pf_guarded_unrand_woodcutter
D:4:      layout_basic, minitemple, nicolae_qazlal_style_of_elements,
          minmay_temple_entry_nine_rooms, minmay_misc_feat_doors

Skill      XL: |  1  2  3  4  5  6 |
---------------+-------------------+-----
Fighting       | 2 3 |  3.6
Unarmed Combat | 4 5 |  5.8
Shapeshifting  | 4 5 |  5.4
Dodging        | |  2.0

Action                     |  1- 3 |  4- 6 |  7- 9 || total
---------------------------+-------+-------+-------++-------
  Melee: Unarmed           |    59 |   122 |    35 ||   216
         Constrict         |    15 |    26 |     5 ||    46
         Tentacles         |    10 |    21 |     1 ||    32
         Punch             |     4 |     2 |     1 ||     7
  Evoke: Wand              |       |     2 |       ||     2
    Use: Scroll            |       |     8 |     1 ||     9
         Potion            |       |     1 |     2 ||     3
   Stab: Sleeping          |     6 |     7 |       ||    13
         Paralysed         |       |    12 |       ||    12
 Armour: Skin              |    21 |    46 |    46 ||   113
  Dodge: Dodged            |    30 |    52 |    15 ||    97

Table legend: (Time is in decaauts)
 A = Elapsed time spent in this place.
 B = Non-inter-level travel time spent in this place.
 C = Inter-level travel time spent in this place.
 D = Time resting spent in this place.
 E = Time spent auto-exploring this place.
 F = Levels seen in this place.
 G = Mean time per level.
                   A        B        C        D        E       F      G
               +--------+--------+--------+--------+--------+-----+--------+
         Total |   3420 |   3161 |    259 |    264 |   2274 |   4 |  855.0 |
       Dungeon |   3420 |   3161 |    259 |    264 |   2274 |   4 |  855.0 |
               +--------+--------+--------+--------+--------+-----+--------+

Top non-repeatable levels by time:
     D:3: 1125 daAuts
     D:2: 841 daAuts
     D:4: 762 daAuts
     D:1: 690 daAuts
